 Dungeon Crawl Stone Soup version 0.29-a0-506-ga2e7fffb44 (webtiles) character file.

Game seed: 3103928612288925066

16219 Pelinal the Severer (level 12, -5/91 HPs)
             Began as a Hill Orc Monk on May 28, 2022.
             Was the Champion of Nemelex Xobeh.
             Engulfed by a cloud of foul pestilence (11 damage)
             ... on level 2 of the Lair of Beasts.
             The game lasted 00:24:53 (10170 turns).

Pelinal the Severer (Hill Orc Monk)                Turns: 10170, Time: 00:24:55

Health: -5/91      AC: 16    Str: 17    XL:     12   Next: 35%
Magic:  20/20      EV: 15    Int: 10    God:    Nemelex Xobeh [******]
Gold:   459        SH:  0    Dex: 21    Spells: 9/11 levels left

rFire   . . .      SeeInvis +   F - +7 broad axe of Conflict {vorpal, Dex+6}
rCold   . . .      Faith    .   (no shield)
rNeg    . . .      Spirit   .   Q - +4 troll leather armour
rPois   +          Reflect  .   L - +0 helmet
rElec   .          Harm     .   G - +0 cloak
rCorr   .          Rampage  +   (no gloves)
Will    .....                   J - +2 pair of boots {rampage}
Stlth   ++........              h - amulet of regeneration
HPRegen 1.85/turn               R - ring of poison resistance
MPRegen 0.17/turn               m - ring of see invisible

@: lethally poisoned (-5 -> -14), invisible
A: no striking features
a: Renounce Religion, Draw Escape, Draw Destruction, Draw Summoning, Triple
Draw, Deal Four, Stack Five


You were on level 2 of the Lair of Beasts.
You worshipped Nemelex Xobeh.
Nemelex Xobeh was exalted by your worship.
You visited 2 branches of the dungeon, and saw 12 of its levels.
You also visited: Volcano.

You collected 760 gold pieces.
You spent 301 gold pieces at shops.

Inventory:

Hand Weapons
 a - a +0 hand axe
 F - the +7 broad axe of Conflict (weapon) {vorpal, Dex+6}
   (You found it on level 6 of the Dungeon)

   It inflicts extra damage upon your enemies.
   Dex:       It affects your dexterity (+6).
 T - a +2 battleaxe of flaming
Missiles
 s - 5 boomerangs (quivered)
 x - 24 poisoned darts
 H - 6 atropa-tipped darts
Armour
 E - a +2 chain mail of cold resistance
 G - a +0 cloak (worn)
 J - a +2 pair of boots of rampaging (worn)
 L - a +0 helmet (worn)
 Q - a +4 troll leather armour (worn)
Jewellery
 h - an amulet of regeneration (around neck)
 m - a ring of see invisible (right hand)
 v - a ring of magical power
 w - a ring of ice
 R - a ring of poison resistance (left hand)
Wands
 e - a wand of flame (16)
 k - a wand of mindburst (15)
 A - a wand of charming (9)
 K - a wand of paralysis (18)
 S - a wand of acid (4)
Scrolls
 i - 2 scrolls of immolation {unknown}
 j - a scroll of amnesia {unknown}
 n - 2 scrolls of blinking {unknown}
 q - a scroll of magic mapping
 t - a scroll of fear {unknown}
 u - 4 scrolls of enchant armour
 y - 2 scrolls of poison {unknown}
 z - a scroll of brand weapon {unknown}
 I - 5 scrolls of teleportation {unknown}
 M - a scroll of summoning {unknown}
 N - 2 scrolls of noise {unknown}
 P - a scroll of vulnerability {unknown}
Potions
 b - a potion of lignification {unknown}
 c - 2 potions of ambrosia
 d - a potion of invisibility
 f - 6 potions of might
 g - 2 potions of flight
 l - 2 potions of berserk rage
 o - a potion of attraction {unknown}
 p - 4 potions of cancellation
 B - 2 potions of mutation
 C - 2 potions of curing
 D - 2 potions of brilliance
 O - a potion of magic {unknown}
 U - a potion of haste {unknown}


   Skills:
 - Level 4.2 Fighting
 * Level 16.9 Axes
 + Level 9.8 Armour
 + Level 5.5 Dodging
 - Level 1.6 Stealth
 + Level 3.9 Transmutations
 + Level 11.6 Invocations


You had 9 spell levels left.
You knew the following spells:

 Your Spells              Type           Power      Damage    Failure   Level
a - Wereblood             Tmut           7%         N/A       13%         2

Your spell library contained the following spells:

 Spells                   Type           Power      Damage    Failure   Level
 Sublimation of Blood     Necr           0%         N/A       54%         2
 Ignite Poison            Fire/Tmut/Pois 2%         N/A       61%         3
 Conjure Flame            Conj/Fire      0%         6-21      78%         3
 Dazzling Flash           Conj/Hex       0%         N/A       78%         3
 Iskenderun's Mystic Bla  Conj/Tloc      0%         2d3       99%         4
 Leda's Liquefaction      Hex/Erth       0%         N/A       99%         4
 Sticky Flame             Conj/Fire      0%         2d3       99%         4
 Lee's Rapid Deconstruct  Erth           0%         3d5*      100%        5
 Starburst                Conj/Fire      0%         6d3       100%        6
 Statue Form              Tmut/Erth      2%         N/A       100%        6
 Summon Hydra             Summ           0%         N/A       100%        7


Dungeon Overview and Level Annotations

Branches:
Dungeon (10/15)            Temple (0/1) D:7            Lair (2/6) D:8
Volcano (visited)
  Swamp: Lair:2-4    Shoals: Lair:2-4     Snake: Lair:2-4    Spider: Lair:2-4
    Orc: D:9-12

Altars:
Ashenzari
Gozag
Hepliaklqana
Kikubaaqudgha
Makhleb
Nemelex Xobeh
Okawaru
Sif Muna
Uskayaw
Xom
Yredelemnul
Zin
The Shining One

Shops:
D:1 (!=[

Annotations:
D:10 1 runed translucent door, pokeman's ghost, novice DEWz
Lair:2 1 transporter


Message History

The briar patch is almost destroyed.
You become entangled in the net!
The swamp worm fires a harpoon shot at you.
The harpoon shot hits you!
You are yanked forward by the harpoon shot.
You fade into invisibility!
The swamp worm fires a harpoon shot at you.
The harpoon shot hits you!!
You are yanked forward by the harpoon shot.
You collide with the briar patch!
The briar patch is destroyed!
You become entangled in the net!
The swamp worm fires a harpoon shot past the briar patch.
The harpoon shot hits you!
You are yanked forward by the harpoon shot.
You collide with the briar patch!
* * * LOW HITPOINT WARNING * * *
You struggle against the net.
The swamp worm fires a harpoon shot past the briar patch. x2
The harpoon shot misses you.
The swamp worm fires a harpoon shot past the briar patch.
The harpoon shot hits you but does no damage.
You struggle against the net.
You float gracefully downwards.
The swamp worm fires a harpoon shot past the briar patch.
The harpoon shot hits you!
* * * LOW HITPOINT WARNING * * *
You are yanked forward by the harpoon shot.
You violently stop moving!
* * * LOW HITPOINT WARNING * * *
The swamp worm fires a harpoon shot at you.
The harpoon shot hits you!
* * * LOW HITPOINT WARNING * * *
You are yanked forward by the harpoon shot.
You violently stop moving!
Okay, then.
You draw a card...
You have drawn the Tomb.
Walls emerge from the floor!
You are engulfed in dark miasma.
You are lethally poisoned!
You die...
Your body glows with a rainbow of weird colours and disappears.

##.P....###P#......# *,,,
####..##.......©...# *,,,
##.###....#####.#* **,,
#########....#"©[#,P#** **,,
##.#.###.....#!)/#,,,,* *,,,
.....PP....####+###*,#* ****,,
........(..#w≈P○P§##.# **,,,,,
...........##§P#P≈w#.#*** *,,,,,,
...........#♣§P#@###.#P,***,,,,,,
#####..###.###§#P≈w#....,,,,,,,,*
##.##..#w≈.^P§##....,,,,,,,**
#########..##≈P^.≈w#....,,,,,,,,*
.#..###....#♣≈P^.≈##....,,,,,,,*,
...........###P©P###..#*****,,,,,
.............#####....# **,,,,,
...............©.....#* *,,,,,,
...########.......P### **,,>,,


You could see 3 swamp worms.

Vanquished Creatures
  A yaktaur captain (D:10)
  Pikel (D:5)
  A deep elf zephyrmancer (D:10)
  3 gargoyles (Volcano)
  3 cane toads (Lair:1)
  2 komodo dragons
  An efreet (Volcano)
  Psyche (D:8)
  A yaktaur (D:10)
  Prince Ribbit (D:6)
  Grinder (D:6)
  2 hornets
  17 blink frogs
  9 yaks
  A spriggan (shapeshifter) (D:10)
  Eustachio (D:5)
  3 steam dragons
  5 water moccasins
  2 sky beasts
  A black bear (Lair:1)
  An orc warrior (D:10)
  3 ogres
  A tengu (D:9)
  3 wolves (Lair:1)
  2 centaurs
  4 lemures (D:5)
  3 phantoms
  A kobold brigand (D:7)
  2 gnoll sergeants (D:9)
  7 bullfrogs
  2 necrophages
  2 scorpions (D:5)
  4 wights (D:8)
  4 killer bees (D:10)
  5 howler monkeys
  A gnoll shaman (D:7)
  4 hounds
  2 jellies (D:6)
  4 orc priests
  4 iguanas
  6 orc wizards
  13 gnolls
  4 adders
  2 ufetubi
  8 dart slugs
  33 orcs
  9 ball pythons
  8 bats
  6 endoplasms
  11 goblins
  8 hobgoblins
  3 jackals (D:1)
  3 frilled lizards
  13 kobolds
  6 rats
  A spectral orc (D:9)
250 creatures vanquished.

Vanquished Creatures (collateral kills)
  A hydra (D:10)
  Maggie (D:6)
  A meliai (D:7)
  A basilisk (D:10)
  An orc warrior (D:9)
  A black bear (D:5)
  2 centaurs
  A kobold brigand (D:8)
  A howler monkey (D:5)
  2 orc wizards
  An adder (D:5)
  An ufetubus (D:5)
  2 orcs
  2 kobolds (D:8)
18 creatures vanquished.

Vanquished Creatures (others)
  3 briar patches (Lair:2)
  2 fungi (D:8)
  8 plants
13 creatures vanquished.

Grand Total: 281 creatures vanquished

Notes
Turn   | Place    | Note
-------+----------+-------------------------------------------
     0 | D:1      | Pelinal the Hill Orc Monk began the quest for the Orb.
     0 | D:1      | Reached XP level 1. HP: 19/19 MP: 1/1
    10 | D:1      | Found Yngogh's Armour Shoppe.
   183 | D:1      | Reached XP level 2. HP: 18/27 MP: 2/2
   375 | D:1      | Found Femyxux's Antique Weapon Boutique.
   570 | D:1      | Found Vead's Distillery.
   708 | D:1      | Reached skill level 5 in Axes
   725 | D:1      | Reached XP level 3. HP: 33/33 MP: 3/3
   767 | D:1      | Found Iliudghikh's Jewellery Boutique.
   819 | D:1      | Found a faded altar of an unknown god.
  1042 | D:1      | Prayed at the altar of an unknown god.
  1042 | D:1      | Became a worshipper of Nemelex Xobeh the Trickster
  1042 | D:1      | Reached * piety under Nemelex Xobeh
  1042 | D:1      | Received a gift from Nemelex Xobeh
  1042 | D:1      | Reached ** piety under Nemelex Xobeh
  1452 | D:2      | Reached *** piety under Nemelex Xobeh
  1472 | D:2      | Received a gift from Nemelex Xobeh
  1494 | D:2      | Reached XP level 4. HP: 40/40 MP: 4/4
  1531 | D:2      | Reached skill level 1 in Invocations
  1910 | D:3      | Noticed a phantom
  1912 | D:3      | Killed a phantom
  1913 | D:3      | Reached skill level 6 in Axes
  1913 | D:3      | Reached skill level 1 in Armour
  1913 | D:3      | Reached XP level 5. HP: 46/46 MP: 4/6
  2653 | D:4      | Reached XP level 6. HP: 42/52 MP: 6/8
  2678 | D:4      | Found a sparkling altar of Nemelex Xobeh.
  2717 | D:4      | Reached skill level 7 in Axes
  2774 | D:4      | Received a gift from Nemelex Xobeh
  2911 | D:4      | Found a broken altar of Ashenzari.
  3065 | D:4      | Reached **** piety under Nemelex Xobeh
  3319 | D:4      | Received a gift from Nemelex Xobeh
  3395 | D:4      | Reached XP level 7. HP: 58/59 MP: 9/9
  3455 | D:4      | Reached skill level 8 in Axes
  3543 | D:4      | Learned a level 2 spell: Wereblood
  3565 | D:5      | Entered Level 5 of the Dungeon
  3567 | D:5      | Noticed Pikel
  3611 | D:5      | Killed Pikel
  3612 | D:5      | Reached skill level 9 in Axes
  3612 | D:5      | Reached skill level 1 in Transmutations
  3612 | D:5      | Reached XP level 8. HP: 59/66 MP: 9/11
  3681 | D:5      | Reached skill level 5 in Invocations
  3741 | D:5      | Reached skill level 10 in Axes
  3920 | D:5      | Found a basalt altar of Yredelemnul.
  3960 | D:5      | Reached skill level 5 in Armour
  4092 | D:5      | Found a shimmering blue altar of Sif Muna.
  4093 | D:5      | Found a hide-covered altar of Uskayaw.
  4096 | D:5      | Noticed Eustachio
  4098 | D:5      | Killed Eustachio
  4099 | D:5      | Reached XP level 9. HP: 71/71 MP: 13/13
  4217 | D:5      | Found an ancient bone altar of Kikubaaqudgha.
  4218 | D:5      | Found a glowing silver altar of Zin.
  4556 | D:6      | Noticed Sigmund
  4557 | D:6      | Noticed Sigmund
  4557 | D:6      | Sigmund changed into Sigmund the jelly
  4562 | D:6      | Killed Sigmund the jelly
  4685 | D:6      | Reached skill level 11 in Axes
  4736 | D:6      | Identified the +7 broad axe of Conflict {vorpal, Dex+6}
  4745 | D:6      | Reached ***** piety under Nemelex Xobeh
  4745 | D:6      | Received a gift from Nemelex Xobeh
  4881 | D:6      | Identified the +0 scale mail "Fyok" {Harm rPois}
  4929 | D:6      | Noticed Grinder
  4931 | D:6      | Paralysed by Grinder for 4 turns
  4936 | D:6      | Killed Grinder
  4997 | D:6      | Noticed Maggie
  5007 | D:6      | Killed Maggie
  5186 | D:1      | Bought a +2 pair of boots of rampaging for 301 gold pieces
  5329 | D:6      | Noticed Prince Ribbit
  5333 | D:6      | Killed Prince Ribbit
  5334 | D:6      | Reached skill level 12 in Axes
  5371 | D:6      | Found a burning altar of Makhleb.
  5590 | D:7      | Found an opulent altar of Gozag.
  5601 | D:7      | You fall into a shaft and drop 2 floors!
  5624 | D:8      | Received a gift from Nemelex Xobeh
  5624 | D:8      | Found a staircase to the Lair.
  5654 | D:8      | Noticed Psyche
  5696 | D:8      | Killed Psyche
  5697 | D:8      | Reached XP level 10. HP: 66/79 MP: 16/16
  5779 | D:8      | Reached skill level 13 in Axes
  6069 | D:8      | Received a gift from Nemelex Xobeh
  6416 | D:7      | Found a staircase to the Ecumenical Temple.
  6421 | D:7      | Identified the -1 hand axe "Qalub" {vamp, rF+}
  6511 | D:7      | Reached skill level 14 in Axes
  6722 | D:7      | Found a glowing golden altar of the Shining One.
  6722 | D:7      | Found a shimmering altar of Xom.
  6731 | D:7      | Received a gift from Nemelex Xobeh
  7381 | D:9      | Received a gift from Nemelex Xobeh
  7381 | D:9      | Reached ****** piety under Nemelex Xobeh
  7395 | D:9      | Noticed a two-headed ogre
  7397 | D:9      | a two-headed ogre changed into a komodo dragon
  7415 | D:9      | Found a hazy altar of Hepliaklqana.
  7633 | D:9      | Reached XP level 11. HP: 71/84 MP: 18/18
  7642 | D:9      | Reached skill level 10 in Invocations
  7915 | D:9      | Found an iron altar of Okawaru.
  8010 | D:10     | Entered Level 10 of the Dungeon
  8017 | D:10     | Reached skill level 15 in Axes
  8181 | D:10     | Received a gift from Nemelex Xobeh
  8424 | D:10     | Found a runed translucent door.
  8425 | D:10     | Noticed a four-headed hydra
  8454 | D:10     | Noticed a blizzard demon
  8456 | D:10     | Killed a four-headed hydra
  8589 | D:10     | Noticed a deep elf zephyrmancer
  8589 | D:10     | Noticed a yaktaur captain
  8602 | D:10     | Killed a yaktaur captain
  8608 | D:10     | Killed a deep elf zephyrmancer
  8753 | D:10     | Found a runed translucent door.
  8769 | D:10     | Noticed pokeman's ghost (novice DEWz)
  8931 | Lair:1   | Entered Level 1 of the Lair of Beasts
  9053 | Lair:1   | Identified the +1 hat of Syndicalism {rElec rCorr Slay-6}
  9098 | Lair:1   | Reached skill level 16 in Axes
  9229 | Lair:1   | Received a gift from Nemelex Xobeh
  9293 | Lair:1   | Received a gift from Nemelex Xobeh
  9319 | Lair:1   | Reached skill level 5 in Dodging
  9656 | Lair:2   | Reached XP level 12. HP: 68/91 MP: 20/20
  9799 | Lair:2   | Found a dark tunnel.
  9807 | Volcano  | Entered a volcano
 10099 | Lair:2   | Found a transporter.
 10114 | Lair:2   | Found a transporter.
 10170 | Lair:2   | Engulfed by a cloud of foul pestilence

Illustrated notes

Levels and vault maps discovered:
D:1:      dpeg_arrival_simpleton_c, layout_rooms, serial_shops,
          nicolae_lakefront_shop, nicolae_shop_hallway_plus,
          nicolae_shop_behind_doors, nicolae_square_shop,
          shapermc_ecumenical_altar_mp_urbaneastern
D:2:      layout_basic, minmay_crystal_room, minmay_cupped
D:3:      layout_loops_ring
D:4:      layout_gridville, ashenzari_altar_1, nemelex_xobeh_ov_fountains_minmay
D:5:      minmay_octagon_keep, layout_cave_pools, lemuel_doored_altar,
          nicolae_kikubaaqudgha_miasma_corner, grunt_temple_overflow_open,
          serial_glass, glass_columns_c, glass_columns_a, feat_on_display,
          uniq_eustachio, uniq_pikel
D:6:      layout_gridville, mainiacjoe_overflow_cross_hatched, uniq_grinder,
          uniq_prince_ribbit1, uniq_sigmund, uniq_maggie
D:7:      layout_basic, gammafunk_temple_overflow_elements,
          mainiacjoe_overflow_tiny_flanked, temple_fountains,
          serial_bayou_ford_a
D:8:      layout_basic, dpeg_oklobed_lair,
          hangedman_abyss_or_decor_jellyfish_corner, uniq_psyche
D:9:      layout_rooms, okawaru_altar_gauntlet_db,
          nicolae_hepliaklqana_monster_ancestors, minmay_holes
D:10:     layout_irregular_city, gammafunk_ghost_grave, minivault_13
Lair:1:   layout_big_grid
Lair:2:   gammafunk_worm_tunnel, layout_cellular_growth,
          lightli_volcano_entry_magma_tube, grunt_megastairs_4,
          infiniplex_staircase_pool_2

Skill      XL: |  1  2  3  4  5  6  7  8  9 10 11 |
---------------+----------------------------------+-----
Fighting       | 4 |  4.2
Axes           | 5 6 7 9 10 12 14 16 | 16.9
Invocations    | 2 3 4 6 8 9 11 | 11.6
Armour         | 1 2 3 4 5 6 8 9 |  9.8
Transmutations | 1 2 3 |  3.9
Dodging        | 3 5 |  5.5
Stealth        | |  1.6

Action                   |  1- 3 |  4- 6 |  7- 9 | 10-12 || total
-------------------------+-------+-------+-------+-------++-------
Melee: Hand axe          |   127 |   137 |   227 |       ||   491
       Punch             |     1 |       |     1 |     6 ||     8
       Broad axe         |       |       |    37 |   325 ||   362
 Cast: Wereblood         |       |       |       |     3 ||     3
Invok: Draw Destruction  |       |     4 |    12 |    17 ||    33
       Draw Summoning    |       |       |     3 |     6 ||     9
       Draw Escape       |       |       |       |     6 ||     6
Evoke: Wand              |       |       |     4 |       ||     4
  Use: Scroll            |     4 |       |       |    12 ||    16
       Potion            |       |       |     1 |     5 ||     6
 Stab: Sleeping          |       |     1 |       |     4 ||     5
       Distracted        |       |       |     1 |     1 ||     2
Armor: Robe              |     7 |       |       |       ||     7
       Ring mail         |    17 |    52 |    67 |       ||   136
       Chain mail        |       |       |    24 |       ||    24
       Steam dragon scal |       |       |    13 |    65 ||    78
       Troll leather arm |       |       |       |    34 ||    34
Dodge: Dodged            |    78 |    84 |   144 |   181 ||   487

Table legend: (Time is in decaauts)
 A = Elapsed time spent in this place.
 B = Non-inter-level travel time spent in this place.
 C = Inter-level travel time spent in this place.
 D = Time resting spent in this place.
 E = Time spent auto-exploring this place.
 F = Levels seen in this place.
 G = Mean time per level.
                   A        B        C        D        E       F      G
               +--------+--------+--------+--------+--------+-----+--------+
         Total |  10109 |   9261 |    848 |    620 |   6232 |  13 |  777.6 |
       Dungeon |   8898 |   8059 |    839 |    567 |   5646 |  10 |  889.8 |
          Lair |   1010 |   1002 |      8 |     26 |    586 |   2 |  505.0 |
       Volcano |    200 |    200 |      0 |     27 |      0 |   1 |  200.0 |
               +--------+--------+--------+--------+--------+-----+--------+

Top non-repeatable levels by time:
     D:1: 1024 daAuts
     D:7: 992 daAuts
     D:2: 983 daAuts
     D:5: 958 daAuts
     D:4: 956 daAuts
    D:10: 891 daAuts
     D:6: 832 daAuts
     D:8: 820 daAuts
     D:3: 773 daAuts
  Lair:1: 696 daAuts
     D:9: 666 daAuts
  Lair:2: 313 daAuts
 Volcano: 200 daAuts
